 Dungeon Crawl Stone Soup version 0.28-a0-1199-gef9e1dbd39 (webtiles) character file.

Game seed: 5113899345059650383

74 pokeman the Magician (level 4, -2/25 HPs)
             Began as a Deep Elf Hedge Wizard on Dec 19, 2021.
             Slain by an orc priest (6 damage)
             ... on level 3 of the Dungeon.
             The game lasted 00:02:30 (1737 turns).

pokeman the Magician (Deep Elf Hedge Wizard)        Turns: 1737, Time: 00:02:31

Health: -2/25      AC:  2    Str:  7    XL:     4   Next: 10%
Magic:  5/13       EV: 12    Int: 21    God:
Gold:   60         SH:  5    Dex: 14    Spells: 3/14 levels left

rFire   . . .      SeeInvis .   g - +1 whip (freeze)
rCold   . . .      Faith    .   (no shield)
rNeg    + . .      Spirit   .   b - +0 robe
rPois   .          Reflect  +   c - +0 hat
rElec   .          Harm     .   (no cloak)
rCorr   .          Rampage  .   (no gloves)
Will    .....                   (no boots)
Stlth   ++........              a - amulet of reflection
HPRegen 0.08/turn               f - ring of positive energy
MPRegen 0.13/turn               (no ring)

@: very slightly contaminated
A: no striking features
a: no special abilities


You were on level 3 of the Dungeon.
You visited 1 branch of the dungeon, and saw 4 of its levels.

You collected 60 gold pieces.

Inventory:

Hand Weapons
 g - a +1 whip of freezing (weapon)
Missiles
 d - 19 arrows
Armour
 b - a +0 robe (worn)
 c - a +0 hat (worn)
Jewellery
 a - an amulet of reflection (around neck)
 f - a ring of positive energy (left hand)
Scrolls
 e - a scroll of vulnerability {unknown}
 h - a scroll of enchant weapon {unknown}
 i - a scroll of identify {unknown}


   Skills:
 - Level 1.1 Fighting
 - Level 1.0 Armour
 + Level 2.6 Dodging
 - Level 2.4 Stealth
 * Level 5.5 Spellcasting
 + Level 2.0 Conjurations
 - Level 1.1 Summonings
 - Level 1.1 Translocations
 + Level 0.0 Fire Magic


You had 3 spell levels left.
You knew the following spells:

 Your Spells              Type           Power      Damage    Failure   Level
a - Magic Dart            Conj           56%        1d5       4%          1
b - Mephitic Cloud        Conj/Pois/Air  8%         N/A       24%         3
c - Call Imp              Summ           10%        N/A       10%         2
d - Blink                 Tloc           20%        N/A       10%         2
e - Conjure Flame         Conj/Fire      10%        6-21      21%         3

Your spell library contained the following spells:

 Spells                   Type           Power      Damage    Failure   Level
 Slow                     Hex            20%        N/A       11%         1


Dungeon Overview and Level Annotations

Branches:
Dungeon (4/15)
 Temple: D:4-7

Altars:


Message History

You hit the orc priest but do no damage.
The orc priest is lightly wounded.
You are engulfed in noxious fumes.
You choke on the stench!
You are more confused.
The orc priest misses you.
A worm comes into view.
Unknown command.
You bump into the rock wall.
You are engulfed in noxious fumes.
You choke on the stench!
You are more confused.
The orc priest hits you with a +0 whip.
Unknown command.
You bump into the rock wall.
The orc priest misses you.
You're too confused to move!
The orc priest mumbles some strange prayers to Beogh against you.
Beogh smites you!
Your magical contamination has completely faded away.
You closely miss the orc priest.
The orc priest is lightly wounded.
The orc priest hits you with a +0 whip.
* * * LOW HITPOINT WARNING * * *
You hit the orc priest. You freeze the orc priest.
The orc priest is heavily wounded.
The orc priest invokes the aid of Beogh against you.
You are unaffected.
You bump into the rock wall.
You feel less confused. The orc priest hits you with a +0 whip.
* * * LOW HITPOINT WARNING * * *
Casting: Mephitic Cloud (extremely dangerous; 24% risk of failure)
Confirm with . or Enter, or press ? or * to list all spells.
The spell is extremely dangerous to miscast (24% risk of failure)!
Continue anyway?
Aiming: Mephitic Cloud (extremely dangerous; 24% risk of failure)
Press: ? - help, Shift-Dir - straight line, f/p - orc priest
Aim: an orc priest, wielding a +0 whip and wearing a +0 leather armour (heavily wounded, chance to affect: 86%) That beam is likely to hit you.
Continue anyway?
You miscast Mephitic Cloud.
You are very lightly contaminated with residual magic.
Nothing appears to happen.
The orc priest hits you with a +0 whip.
You die...

..........#.#
#########..
#.......)...#####
...........
.................
#.########.
#####...#########
#. #.....# #.
####..#### ..
#.....## ..
#.###..#########$..
. #.#
##..@oSo.w..... #.#
###########... ..#
.. ... ..†


You could see a worm, an orc priest, an adder and an orc.

Vanquished Creatures
  A centaur skeleton (D:3)
  An adder (D:3)
  2 dart slugs
  An orc (D:3)
  2 endoplasms (D:1)
  2 giant cockroaches (D:1)
  3 hobgoblins
  3 kobolds
  2 quokkas
  6 ball pythons
  5 bats
  2 frilled lizards
  2 goblins (D:1)
32 creatures vanquished.

Notes
Turn   | Place    | Note
-------+----------+-------------------------------------------
     0 | D:1      | pokeman the Deep Elf Hedge Wizard began the quest for the
                  | Orb.
     0 | D:1      | Reached XP level 1. HP: 10/10 MP: 7/7
   447 | D:1      | Reached XP level 2. HP: 16/16 MP: 3/9
  1003 | D:1      | Reached skill level 5 in Spellcasting
  1276 | D:2      | You fall into a shaft and drop 2 floors!
  1321 | D:3      | Reached XP level 3. HP: 16/20 MP: 5/11
  1325 | D:3      | Learned a level 3 spell: Mephitic Cloud
  1328 | D:3      | Learned a level 2 spell: Call Imp
  1331 | D:3      | Learned a level 2 spell: Blink
  1335 | D:3      | Learned a level 3 spell: Conjure Flame
  1548 | D:3      | Reached skill level 1 in Armour
  1582 | D:3      | Reached skill level 1 in Fighting
  1582 | D:3      | Reached XP level 4. HP: 24/25 MP: 6/13
  1737 | D:3      | Slain by an orc priest

Illustrated notes

Levels and vault maps discovered:
D:1:      wander_arrival_desolate, layout_loops_cross, chequers_big_river,
          minmay_tripent
D:2:      layout_rooms, dreamdust_ecumenical_altar_grove
D:3:      layout_rooms
D:4:      minmay_skewed_foursquare, layout_basic, minmay_manual_maat

Skill      XL: |  1  2  3 |
---------------+----------+-----
Spellcasting   | 5 |  5.5
Armour         | 1 |  1.0
Fighting       | 1 |  1.1
Conjurations   | 2 |  2.0
Dodging        | |  2.6
Stealth        | |  2.4
Summonings     | |  1.1
Translocations | |  1.1

Action                   |  1- 3 |  4- 6 || total
-------------------------+-------+-------++-------
Melee: Whip              |     6 |     3 ||     9
 Cast: Magic Dart        |    70 |     8 ||    78
       Conjure Flame     |     1 |       ||     1
       Mephitic Cloud    |       |     1 ||     1
Armor: Robe              |     6 |       ||     6
Dodge: Dodged            |    17 |     4 ||    21
Block: Other             |     1 |       ||     1

Table legend: (Time is in decaauts)
 A = Elapsed time spent in this place.
 B = Non-inter-level travel time spent in this place.
 C = Inter-level travel time spent in this place.
 D = Time resting spent in this place.
 E = Time spent auto-exploring this place.
 F = Levels seen in this place.
 G = Mean time per level.
                   A        B        C        D        E       F      G
               +--------+--------+--------+--------+--------+-----+--------+
         Total |   1747 |   1697 |     50 |     57 |   1429 |   4 |  436.8 |
       Dungeon |   1747 |   1697 |     50 |     57 |   1429 |   4 |  436.8 |
               +--------+--------+--------+--------+--------+-----+--------+

Top non-repeatable levels by time:
     D:1: 1260 daAuts
     D:3: 422 daAuts
     D:4: 38 daAuts
     D:2: 25 daAuts
